 Dungeon Crawl Stone Soup version bcrawl-1.27.5 (webtiles) character file.

Game seed: 17876547598017327065

131182 Freyura the Twirler (level 3, -1/28 HPs)
             Began as a Demonspawn Gladiator on Aug 18, 2020.
             Slain by a hound (3 damage)
             ... on level 3 of the Dungeon.
             The game lasted 00:04:40 (1372 turns).

Freyura the Twirler (Demonspawn Gladiator)          Turns: 1372, Time: 00:04:41

Health: -1/28      AC:  3    Str: 14    XL:     3   Next: 80%
Magic:  3/3        EV: 13    Int:  9    God:
Gold:   106        SH:  0    Dex: 15    Spells: 2/2 levels left

rFire    . . .     SeeInvis .   a - +0 quarterstaff
rCold    . . .     Gourm    .   (shield currently unavailable)
rNeg     . . .     Faith    .   b - +0 leather armour
rPois    .         Spirit   .   (helmet restricted)
rElec    .         Reflect  .   (no cloak)
rCorr    .         Harm     .   (no gloves)
MR       .....                  (no boots)
Stlth    +.........             (no amulet)
HPRegen  0.09/turn              (no ring)
MPRegen  0.08/turn              (no ring)

@: no status effects
A: antennae 1, talons 1
a: no special abilities


You were on level 3 of the Dungeon.
You were not hungry.

You visited 1 branch of the dungeon, and saw 3 of its levels.

You collected 106 gold pieces.

Inventory:

Hand Weapons
 a - a +0 quarterstaff (weapon)
Missiles
 d - 3 throwing nets {=f}
Armour
 b - a +0 leather armour (worn)
Scrolls
 f - 2 scrolls of remove curse {unknown}
 g - 3 scrolls of amnesia {unknown}
 h - a scroll of fear {unknown}
 j - 2 scrolls of identify
 n - a scroll of enchant weapon {unknown}
 q - a scroll of magic mapping {unknown}
 r - a scroll of enchant armour {unknown}
Potions
 i - a potion of might {unknown}
 l - a potion of heal wounds {unknown}
 m - a potion of curing {unknown}
 o - a potion of agility {unknown}
 p - a potion of lignification {unknown}
 s - a potion of mutation {unknown}
Comestibles
 c - a chunk of flesh
 e - 3 rations {!d}


   Skills:
 + Level 2.6 Fighting
 * Level 3.6 Staves
 - Level 1.7 Throwing
 + Level 3.2 Dodging


You had 2 spell levels left.
You didn't know any spells.
Your spell library was empty.

Dungeon Overview and Level Annotations

Branches:
Dungeon (3/12)

Altars:
Xom


Innate Abilities, Weirdness & Mutations

You have a pair of small antennae on your head.
You have sharp toenails.


Message History

The hound bites you. The frilled lizard barely misses you.
You closely miss the hound.
The hound is severely wounded.
The hound bites you. x2
* * * LOW HITPOINT WARNING * * *
The frilled lizard misses you.
You closely miss the hound.
The hound is severely wounded.
The hound misses you. The frilled lizard closely misses you.
The hound bites you.
* * * LOW HITPOINT WARNING * * *
You closely miss the hound.
The hound is heavily wounded.
The hound bites you.
* * * LOW HITPOINT WARNING * * *
The frilled lizard closely misses you.
You closely miss the hound. You claw the hound.
The hound is severely wounded.
The hound bites you.
You die...

..........#
#.........######
#..............#
#..............#
#..............#
##..............#
......).........#
......l@..###########
.....##h##..........#
... #.##..........# .
#.##..........#
#.##..........#
#.##..[.......+
#.##..........####
#.##..............
#..............


You could see a hound and a frilled lizard.

Vanquished Creatures
  An adder (D:3)
  An ooze (D:1)
  A dart slug (D:2)
  2 worms (D:2)
  4 leopard geckos
  2 giant cockroaches
  5 hobgoblins
  A quokka (D:3)
  2 bats
  2 frilled lizards
  6 goblins (D:2)
  5 kobolds
  4 rats
36 creatures vanquished.

Notes
Turn   | Place    | Note
-------+----------+-------------------------------------------
     0 | D:1      | Freyura the Demonspawn Gladiator began the quest for the
                  | Orb.
     0 | D:1      | Reached XP level 1. HP: 16/16 MP: 1/1
   287 | D:1      | Gained mutation: You have sharp toenails. [demonic
                  | ancestry]
   287 | D:1      | Reached XP level 2. HP: 21/22 MP: 2/2
   496 | D:2      | Found a shimmering altar of Xom.
   744 | D:2      | Gained mutation: You have a pair of small antennae on your
                  | head. [demonic ancestry]
   744 | D:2      | Reached XP level 3. HP: 11/28 MP: 3/3
  1372 | D:3      | Slain by a hound

Skill      XL: |  1  2 |
---------------+-------+-----
Staves         | 3 |  3.6
Dodging        | 3 |  3.2
Fighting       | |  2.6
Throwing       | |  1.7

Action                   || total
-------------------------++-------
Melee: Quarterstaff      ||    98
       Kick              ||    12
  Use: Scroll            ||     1
 Stab: Sleeping          ||     3
  Eat: Chunk             ||     4
Armor: Leather armour    ||    17
Dodge: Dodged            ||    62
